AoeStats
← SenorPony

MegaRandom

509696863Analyzed
2v2 RM · 3d ago on Sep 27, 2026· 68m 32s· 4 players
Game mode
Random Map
Map size
Medium (4 player)
Population
200
Speed
Normal
Resources
Standard
Victory
Conquest
Starting age
Dark Age
Ending age
Imperial Age
RankedLock teamsTeams togetherTeam positionsShared explorationLock speedFull tech treeHidden civsTurbo modeCheats
Victory
Defeat
🇵🇪 Japanese · Peru
608
+16
🇷🇴 Spanish · Romania
492
+21
🇨🇿 Varangians · Czechia
611
-19
🇨🇿 Vietnamese · Czechia
593
-18
5 ft into the air
1:11 Loom
11:20 Feudal Age
11:48 Horse Collar
12:18 Double-Bit Axe
18:13 Town Watch
22:23 Castle Age
23:55 Pikeman
24:56 Stone Mining
25:23 Fervor
24:46 Light Cavalry
25:37 Bloodlines
25:27 Husbandry
29:04 Wheelbarrow
32:50 Imperial Age
32:08 Caravan
36:41 Block Printing
36:27 Atonement
36:48 Sanctity
36:40 Redemption
36:56 Illumination
36:28 Herbal Medicine
36:55 Halberdier
43:24 Town Patrol
43:39 Hand Cart
43:38 Scale Barding Armor
43:34 Scale Mail Armor
43:44 Forging
43:35 Padded Archer Armor
43:26 Fletching
43:43 Inquisition
45:32 Squires
50:27 Hoardings
49:23 Sappers
52:18 Theocracy
53:32 Chemistry
52:52 Ballistics
53:04 Chain Barding Armor
53:13 Cavalier
53:38 Heavy Mounted Crossbowman
56:48 Onager
57:36 Elite Skirmisher
61:27 Elite Conquistador
69:19 Bow Saw
SenorPony
0:36 Loom
14:14 Feudal Age
16:17 Wheelbarrow
15:28 Horse Collar
16:12 Double-Bit Axe
16:25 Gold Mining
18:21 Stone Mining
23:23 Castle Age
22:25 Forging
23:08 Arson
24:13 Thumb Ring
25:12 Wheelbarrow
24:41 Heavy Plow
24:54 Bow Saw
27:43 Iron Casting
27:09 Scale Mail Armor
31:04 Hand Cart
32:29 Chain Mail Armor
32:15 Padded Archer Armor
32:05 Fletching
34:35 Gold Shaft Mining
34:37 Fletching
34:49 Elite Skirmisher
35:23 Town Watch
36:52 Town Patrol
38:22 Leather Archer Armor
38:03 Bodkin Arrow
41:42 Treadmill Crane
42:23 Ballistics
42:00 Murder Holes
45:13 Imperial Age
45:20 Yasama
46:19 Bracer
47:19 Blast Furnace
46:50 Plate Mail Armor
46:25 Scale Barding Armor
49:05 Kataparuto
48:14 Capped Ram
50:12 Ring Archer Armor
50:12 Plate Mail Armor
50:11 Parthian Tactics
53:52 Two-Man Saw
53:06 Siege Engineers
53:12 Masonry
52:54 Guard Tower
58:28 Onager
58:53 Elite Samurai
60:14 Hoardings
63:04 Conscription
63:40 Heavy Cavalry Archer
64:29 Scale Barding Armor
Skitles222
16:53 Feudal Age
17:39 Double-Bit Axe
17:37 Horse Collar
17:59 Man-at-Arms
21:00 Forging
21:06 Scale Mail Armor
22:21 Gold Mining
31:28 Castle Age
33:06 Chatras
Dr460n1um-CZ
11:24 Feudal Age
14:04 Double-Bit Axe
14:27 Horse Collar
24:30 Castle Age
23:57 Fishing Lines
26:00 Bow Saw
25:54 Heavy Plow
31:42 Wheelbarrow
33:45 Imperial Age
33:57 Imperial Age
32:05 Wheelbarrow
34:16 Stone Mining
34:18 Gold Mining
34:49 Hand Cart
34:42 Scale Barding Armor
34:47 Forging
34:28 Treadmill Crane
34:44 Murder Holes
34:34 Vendel Legacy
34:36 Elite Jarl
38:28 Stone Shaft Mining
41:59 Chain Barding Armor
42:20 Iron Casting
43:21 Conscription
48:21 Two-Man Saw
50:47 Crop Rotation
51:00 Plate Barding Armor
51:25 Blast Furnace
50:18 Fletching
50:28 Padded Archer Armor
50:29 Scale Mail Armor
54:01 Bodkin Arrow
Connection lost

Rejoining the realm…

Still unreachable

The connection could not be restored.

Session expired

The server has moved on; the page needs a fresh start.